 Dungeon Crawl Stone Soup version 0.31.0-32-g396128a36d (webtiles) character file.

Game seed: 14599353327896461708

2896 Silvore the Basher (level 9, -6/78 HPs)
             Began as a Minotaur Fighter on Apr 12, 2024.
             Mangled by an orc knight
             ... wielding a +0 halberd
              (21 damage)
             ... in a bailey.
             The game lasted 00:06:12 (6321 turns).

Silvore the Basher (Minotaur Fighter)               Turns: 6321, Time: 00:06:13

Health: -6/78      AC: 12    Str: 25    XL:     9   Next: 49%
Magic:  8/8        EV:  9    Int:  5    God:
Gold:   529        SH: 10    Dex: 10    Spells: 8/8 levels left

rFire   . . .        t - +2 flail (heavy)
rCold   . . .        j - +0 kite shield
rNeg    . . .        p - +1 chain mail
rPois   .            (helmet restricted)
rElec   .            (no cloak)
rCorr   .            (no gloves)
SInv    +            (no boots)
Will    .....        (no amulet) Stlth
                     h - ring of see invisible
HPRegen 0.33/turn    (no ring)
MPRegen 0.11/turn

%: no passive effects
@: mighty
A: horns 2, retaliatory headbutt
a: no special abilities


You were in a bailey.
You visited 1 branch of the dungeon, and saw 7 of its levels.
You also visited: Ossuary and Bailey.

You collected 529 gold pieces.

Inventory:

Hand Weapons
 r - a +1 triple sword of holy wrath
 t - a +2 heavy flail (weapon)
 w - a +0 morningstar of pain
Missiles
 o - a throwing net (quivered)
Armour
 b - a +0 scale mail
 j - a +0 kite shield (worn)
 p - a +1 chain mail (worn)
Jewellery
 h - a ring of see invisible (left hand)
 v - a +6 ring of strength
Wands
 c - a wand of flame (14)
 u - a wand of charming (7)
Scrolls
 a - 2 scrolls of enchant weapon
 d - 2 scrolls of vulnerability
 e - 3 scrolls of teleportation
 f - a scroll of blinking
 n - 2 scrolls of identify
Potions
 g - 3 potions of magic
 i - a potion of lignification
 k - a potion of degeneration
 l - a potion of haste
 m - 3 potions of heal wounds
 s - a potion of brilliance {unknown}


   Skills:
 + Level 6.5 Fighting
 + Level 9.3 Maces & Flails
 + Level 8.3 Armour
 + Level 4.2 Dodging
 + Level 1.0 Stealth
 + Level 8.4 Shields


You had 8 spell levels left.
You didn't know any spells.
Your spell library contained the following spells:

 Spells                   Type           Power      Damage    Failure   Level
 Magic Dart               Conj           0%         1d3       99%         1
 Shock                    Conj/Air       0%         1d3       99%         1
 Searing Ray              Conj           0%         2d4       99%         2
 Swiftness                Air            0%         N/A       100%        3
 Airstrike                Air            0%         2d(0-16)  100%        4
 Animate Dead             Necr           0%         N/A       100%        4
 Fulminant Prism          Conj/Alch      0%         3d5       100%        4
 Manifold Assault         Tloc           0%         N/A       100%        4
 Borgnjor's Vile Clutch   Necr/Erth      0%         N/A       100%        5
 Death Channel            Necr           0%         N/A       100%        6
 Dispersal                Tloc           0%         N/A       100%        6
 Disjunction              Tloc           0%         N/A       100%        8


Dungeon Overview and Level Annotations

Branches:
Dungeon (7/15)            Ossuary (visited)          Bailey (1/1)
 Temple: D:4-7

Altars:
Gozag
Hepliaklqana
Nemelex Xobeh
Trog


Innate Abilities, Weirdness & Mutations

You have a pair of horns on your head.
You reflexively headbutt those who attack you in melee.


Message History

You bludgeon the orc warrior!!
You kill the orc warrior!
You block the orc knight's attack. The orc hits you but does no damage.
The orc knight roars a battlecry!
The orcs go into a battle-frenzy!
The orc knight roars a battlecry!
The orc knight goes into a battle-frenzy!
The orc hits you with a +0 trident!
The orc knight hits you with a +0 halberd!!
Things that are here:
a +0 glaive; a +0 plate armour; an orc corpse You bludgeon the orc!!
You kill the orc!
You block the orc knight's attack.
The orc knight hits you with a +0 halberd!
* * * LOW HITPOINT WARNING * * *
The orc knight barely misses you. The orc knight closely misses you.
Unknown command.
You feel much better. You block the orc knight's attack.
The orc knight completely misses you. You furiously retaliate!
You headbutt the orc knight!! You bludgeon the orc knight!!
You headbutt the orc knight!
The orc knight is heavily wounded.
The orc knight barely misses you. You block the orc knight's attack.
You hit the orc knight.
The orc knight is heavily wounded.
The orc knight hits you but does no damage.
The orc knight hits you with a +0 halberd!
You block the orc knight's attack. The orc knight barely misses you.
You sock the orc knight!
The orc knight is severely wounded.
The orc knight hits you but does no damage.
The orc knight misses you. You furiously retaliate!
You headbutt the orc knight! You closely miss the orc knight.
The orc knight is severely wounded.
The orc knight hits you with a +0 glaive!!
* * * LOW HITPOINT WARNING * * *
The orc knight hits you with a +0 halberd!!
You die...

..≈#....................))...#≈..
..≈##)∩#≈...............≈#∩.##≈..
..≈≈#)##≈....#######....≈##.#≈≈..
...≈≈.≈≈≈...##....##....≈≈≈.≈≈...
...........##.....##.............
..........##..#'''##.............
..........#..##∩.∩##..##.........
.........##.####'####.##.........
.........##.')#o@)#)'.##.........
.........##.###o8.###.##.........
.........##.'.#:.?#)'.##.........
.........##.#########.##.........
..........#..##)#)##..#..........
..........##..#'#'#..##.....))...
...........##.......##......).)..
...≈≈.≈≈≈...#########...≈≈≈.≈≈...
..≈≈#.##≈......###......≈##.#≈≈..


You could see 2 orc knights.

Vanquished Creatures
  A wyvern (D:6)
  11 orc warriors (Bailey)
  A black bear (D:5)
  2 ogres
  3 elf zombies
  2 bullfrogs
  A gnoll sergeant (D:6)
  4 wights (D:6)
  2 bombardier beetles (D:5)
  2 human zombies (D:4)
  3 hounds
  An orc priest (D:7)
  A human skeleton (D:4)
  2 iguanas
  A sleepcap (D:6)
  3 orc wizards
  3 hound zombies (Ossuary)
  2 hound skeletons (D:3)
  4 mummies (Ossuary)
  6 gnolls
  11 adders
  3 white imps
  An adder skeleton (D:3)
  24 orcs
  8 ball pythons
  9 bats
  5 endoplasms
  2 giant cockroaches
  13 goblins
  13 hobgoblins
  4 jackals (D:3)
  3 quokkas
  A ball python skeleton (D:3)
  6 frilled lizards
  2 goblin zombies (Ossuary)
  A hobgoblin zombie (Ossuary)
  A jackal zombie (Ossuary)
  8 kobolds
  An orc skeleton (D:4)
  2 orc zombies (Ossuary)
  10 rats
  2 rat zombies (Ossuary)
  A spectral hobgoblin (D:5)
186 creatures vanquished.

Notes
Turn   | Place    | Note
-------+----------+-------------------------------------------
     0 | D:1      | Silvore the Minotaur Fighter began the quest for the Orb.
     0 | D:1      | Reached XP level 1. HP: 19/19 MP: 0/0
    47 | D:1      | Reached XP level 2. HP: 19/27 MP: 1/1
   332 | D:1      | Reached XP level 3. HP: 33/33 MP: 2/2
   551 | D:1      | Reached skill level 3 in Maces & Flails
   943 | D:2      | Reached XP level 4. HP: 10/40 MP: 3/3
  1998 | D:3      | Reached skill level 4 in Maces & Flails
  2002 | D:3      | Reached XP level 5. HP: 46/47 MP: 4/4
  2041 | D:3      | Found a faded altar of an unknown god.
  2417 | D:3      | Noticed an ogre
  2425 | D:3      | Killed an ogre
  2426 | D:3      | Reached skill level 5 in Armour
  2426 | D:3      | Reached skill level 1 in Dodging
  2426 | D:3      | Reached XP level 6. HP: 30/53 MP: 5/5
  2867 | D:4      | Reached skill level 5 in Maces & Flails
  2908 | D:4      | Found a sand-covered staircase.
  2914 | Ossuary  | Entered an ossuary
  2929 | Ossuary  | Reached skill level 5 in Fighting
  2934 | Ossuary  | Reached skill level 5 in Shields
  2934 | Ossuary  | Reached XP level 7. HP: 34/61 MP: 6/6
  3179 | D:4      | Reached skill level 6 in Maces & Flails
  3292 | D:4      | Found an opulent altar of Gozag.
  3805 | D:5      | Entered Level 5 of the Dungeon
  4011 | D:5      | Reached skill level 7 in Maces & Flails
  4031 | D:5      | Found a hazy altar of Hepliaklqana.
  4101 | D:5      | Found a sparkling altar of Nemelex Xobeh.
  4203 | D:5      | Reached XP level 8. HP: 68/69 MP: 7/7
  5125 | D:6      | Identified the +4 scale mail of Fifig {rElec rPois Int+2
                  | Dex+2}
  5147 | D:6      | Reached skill level 8 in Maces & Flails
  5189 | D:6      | Found a bloodstained altar of Trog.
  5642 | D:7      | Found a flagged portal.
  5681 | Bailey   | Entered a bailey
  5748 | Bailey   | Reached XP level 9. HP: 35/75 MP: 8/8
  5959 | Bailey   | Reached skill level 1 in Stealth
  5995 | Bailey   | Reached skill level 9 in Maces & Flails
  6311 | Bailey   | Noticed an orc knight
  6311 | Bailey   | Noticed an orc knight
  6321 | Bailey   | Mangled by an orc knight

Illustrated notes

Levels and vault maps discovered:
D:1:      dpeg_arrival_subterranean_lakeside_camping, layout_basic,
          chequers_arboretum, minmay_hedge_maze
D:2:      layout_basic, serial_corexii_hall, chequers_hall_statues_corner_a,
          chequers_hall_statues_wall_a, roderic_lattice_a
D:3:      layout_basic, basic_ecumenical_altar, serial_undead, serial_undead_d,
          serial_undead_d, serial_undead_e, serial_undead_e,
          amcnicky_mini_corridor_feature, st_stairs_10
D:4:      layout_basic, nicolae_gozag_seed_capital,
          nicolae_ossuary_entry_catacombs
D:5:      layout_loops_cross, nicolae_hepliaklqana_monster_ancestors,
          nemelex_diamond_rough_becter
D:6:      layout_gridville, mainiacjoe_overflow_cross_hatched
D:7:      minmay_evil_eye, layout_cave_pods, kennysheep_orc_sif_temple,
          minmay_temple_entry_drinking_statues, enter_bailey_5
Bailey:   bailey_polearm_2, bailey

Skill      XL: |  1  2  3  4  5  6  7  8  9 |
---------------+----------------------------+-----
Fighting       | 4 5 6 |  6.5
Armour         | 4 5 6 7 8 |  8.3
Shields        | 4 5 6 7 8 |  8.4
Maces & Flails | 3 4 5 7 8 9 |  9.3
Dodging        | 1 3 4 |  4.2
Stealth        | 1 |  1.0

Action                     |  1- 3 |  4- 6 |  7- 9 || total
---------------------------+-------+-------+-------++-------
  Melee: Flail             |    78 |   150 |   214 ||   442
         Headbutt          |    12 |    22 |    34 ||    68
    Use: Scroll            |     2 |     1 |    12 ||    15
         Potion            |       |     1 |     4 ||     5
 Armour: Scale mail        |    47 |   114 |    45 ||   206
         Chain mail        |       |       |   141 ||   141
  Dodge: Dodged            |    28 |    77 |   103 ||   208
  Block: Buckler           |    16 |     4 |       ||    20
         Kite shield       |       |    79 |   157 ||   236
